 Dungeon Crawl Stone Soup version 0.17.2-1-ge4368a0 (webtiles) character file.

2 ololoev the Skirmisher (level 1, 17/18 HPs)
             Began as a Demonspawn Fighter on Oct 25, 2016.
             Was a Follower of Dithmenos.
             Quit the game on level 2 of the Dungeon.
             The game lasted 00:00:39 (112 turns).

ololoev the Skirmisher (Demonspawn Fighter)          Turns: 112, Time: 00:00:39

Health: 17/18      AC:  6    Str: 16    XL:     1   Next: 33%
Magic:  1/1        EV:  6    Int:  9    God:    Dithmenos [*.....]
Gold:   10         SH:  8    Dex: 12    Spells: 0 memorised, 0 levels left

rFire  . . .     SeeInvis .     a - +0 war axe
rCold  . . .     Clarity  .     b - +0 scale mail
rNeg   . . .     SustAt   .     c - +0 shield
rPois  .         Gourm    .     (no helmet)
rElec  .         Spirit   .     (no cloak)
rCorr  .         Warding  .     (no gloves)
rMut   .         Stasis   .     (no boots)
MR     .....                    (no amulet)
Stlth  ..........               (no ring)
                                (no ring)

@: wreathed by umbra, not resistant to hostile enchantments, extremely
unstealthy
A: no striking features
a: Renounce Religion

Inventory:

Hand Weapons
 a - a +0 war axe (weapon)
Armour
 b - a +0 scale mail (worn)
 c - a +0 shield (worn)
Scrolls
 g - a scroll of random uselessness {unknown}
 h - a scroll of identify {unknown}
Potions
 d - 2 potions of might
 f - a potion of mutation {unknown}
Comestibles
 e - a bread ration


   Skills:
 + Level 3.0 Fighting
 * Level 1.9 Axes
 + Level 2.7 Armour
 - Level 2.6 Shields


You couldn't memorise any spells.
You didn't know any spells.


You were on level 2 of the Dungeon.
You worshipped Dithmenos.
Dithmenos was aware of your devotion.
You were not hungry.

You visited 1 branch of the dungeon, and saw 2 of its levels.

You collected 10 gold pieces.

..............#.
#...#............
##.##.....#...##.
## #....##......
###..### ....##
####...## .#..#
#......# ...#
#b.#...# #..
#.#@#.>#
#...#...#
#.......#
#.#.#[#.#
#.....#..# #
###.##.S. .. ..##
.. .#

Notes
Turn   | Place    | Note
--------------------------------------------------------------
     0 | D:1      | ololoev the Demonspawn Fighter began the quest for the Orb.
     0 | D:1      | Reached XP level 1. HP: 18/18 MP: 1/1
   100 | D:2      | Found a faded altar to an unknown god.
   112 | D:2      | Became a worshipper of Dithmenos the Shadowed
   112 | D:2      | Reached * piety under Dithmenos
   112 | D:2      | Quit the game

Dungeon Overview and Level Annotations

Branches:
Dungeon (2/15)

Altars:
Dithmenos


Message History

Found 10 gold pieces, a scroll labeled HEOCHOEFIN and 2 fruits.
There is a stone staircase leading up here.
You closely miss the goblin. The goblin hits you but does no damage.
You closely miss the goblin. The goblin hits you but does no damage.
The goblin hits you but does no damage.
You closely miss the goblin. You block the goblin's attack.
You miss the goblin. The goblin completely misses you.
You block the goblin's attack.
You closely miss the goblin. You block the goblin's attack.
You completely miss the goblin. You block the goblin's attack.
You slash the goblin!
You kill the goblin!
No target in view!
No target in view!
No target in view!
No target in view!
No target in view!
No target in view!
You now have 10 gold pieces.
Found a faded altar to an unknown god.
h - a scroll labeled HEOCHOEFIN A bat comes into view.
Found a robe.
Found a stone staircase leading down.
Your shield prevents you from hitting the bat.
You block the bat's attack. The bat hits you. x2
The bat hits you but does no damage.
You closely miss the bat. The bat barely misses you. The bat barely misses you.
An adder comes into view.
You block the bat's attack.
There is a faded altar to an unknown god here.
This altar will convert you to a god.
You cannot discern which.
Do you pray?
Okay, then.
Unknown command.
This altar will convert you to a god.
You cannot discern which.
Do you pray? Dithmenos accepts your prayer! Dithmenos welcomes you!
You are shrouded in an aura of darkness!
Are you sure you want to abandon this character and quit the game? (Confirm with "yes".)

You could see an adder and a bat.

Vanquished Creatures
  3 goblins
3 creatures vanquished.

Action                   || total
-------------------------++-------
Melee: War axe           ||    11

Vault maps used:
D:1:      dpeg_arrival_ternary
D:2:      nicolae_qazlal_general_emergency, nicolae_dithmenos_shadow_blocks,
          ecumenical_altar_1
